 Dungeon Crawl Stone Soup version 0.21.1-1-g345015fe64 (webtiles) character file.

8943 KleinerIrrer the Demolition Dwarf (level 11, -12/97 HPs)
             Began as a Deep Dwarf Fighter on Apr 12, 2018.
             Was an Elder of Makhleb.
             Killed from afar by an oklob plant (14 damage)
             ... with a splash of acid
             ... on level 10 of the Dungeon.
             The game lasted 00:03:40 (7732 turns).

KleinerIrrer the Demolition Dwarf (DDFi)            Turns: 7732, Time: 00:03:40

Health: -12/97     AC: -13   Str: 23    XL:     11   Next: 16%
Magic:  0/0        EV:  6    Int:  9    God:    Makhleb [****..]
Gold:   485        SH: 10    Dex: 15    Spells: 10/10 levels left

rFire    . . .     SeeInvis .   Y - +0 war axe
rCold    + + .     Gourm    .   c - +0 shield
rNeg     . . .     Faith    +   f - +2 plate armour {rC+}
rPois    .         Spirit   .   n - +1 helmet
rElec    .         Reflect  .   (no cloak)
rCorr    .         Harm     .   g - +0 pair of gloves {Dex+3}
MR       +....                  (no boots)
Stlth    ..........             s - amulet of faith
HPRegen  0.00/turn              l - ring of protection from cold
MPRegen  0.07/turn              (no ring)

@: corroded, non-regenerating
A: damage resistance, heal wounds, sense surroundings 2, no regeneration
a: Heal Wounds, Minor Destruction, Lesser Servant of Makhleb, Major Destruction,
Renounce Religion


You were on level 10 of the Dungeon.
You worshipped Makhleb.
Makhleb was greatly pleased with you.
You were hungry.

You visited 2 branches of the dungeon, and saw 11 of its levels.
You also visited: Sewer.

You collected 485 gold pieces.


Innate Abilities, Weirdness & Mutations

You are resistant to damage.
You can heal yourself by infusing magical energy.
You passively map the area around you.
You do not regenerate.


   Skills:
 + Level 5.7 Fighting
 - Level 12.0 Axes
 - Level 7.2 Armour
 - Level 4.0 Dodging
 - Level 3.2 Shields
 + Level 12.9 Invocations


You had 10 spell levels left.
You didn't know any spells.

Inventory:

Hand Weapons
 a - a +0 great mace
 h - a +0 morningstar
 Y - a +0 war axe (weapon)
Armour
 c - a +0 shield (worn)
 f - a +2 plate armour of cold resistance (worn)
 g - a +0 pair of gloves of dexterity (worn)
 n - a +1 helmet (worn)
Jewellery
 l - a ring of protection from cold (left hand)
 s - an amulet of faith (around neck)
Wands
 p - a wand of digging (25)
Scrolls
 m - a scroll of remove curse
 u - 3 scrolls of identify
Potions
 d - a potion of might
 i - a potion of haste
 o - 2 potions of curing
Comestibles
 e - 8 rations
 k - 3 chunks of flesh

Dungeon Overview and Level Annotations

Branches:
Dungeon (10/15)            Temple (1/1) D:5
   Lair: D:8-11         Orc: D:9-12

Altars:
Ashenzari
Cheibriados
Dithmenos
Elyvilon
Fedhas
Gozag
Hepliaklqana
Kikubaaqudgha
Makhleb
Nemelex Xobeh
Okawaru
Qazlal
Ru
Sif Muna
Trog
Uskayaw
Vehumet
Wu Jian
Xom
Yredelemnul
Zin
The Shining One

Annotations:
D:5 Prince Ribbit


Message History

The acid burns!
You hit the oklob plant but do no damage.
The oklob plant is almost destroyed.
You hit the oklob plant but do no damage.
The oklob plant is almost destroyed.
The oklob plant spits acid at you. The splash of acid hits you!
You are splashed with acid!
The acid burns!
You hit the oklob plant but do no damage.
The oklob plant is almost destroyed.
You hit the oklob plant but do no damage.
The oklob plant is almost destroyed.
The oklob plant spits acid at you. The splash of acid hits you!
You are splashed with acid!
The acid burns!
You hit the oklob plant but do no damage.
The oklob plant is almost destroyed.
You hit the oklob plant but do no damage.
The oklob plant is almost destroyed.
The oklob plant spits acid at you. The splash of acid hits you!
You die...

, *,,,,,...,,*
#.......# * , , ....
##........ *, , ,
....,##......... , ,
[....#..........
....#.......... , # **
#............ * ,*
#.#### ###..........
#....## #..........
#.@.# ##........# *
##P#.#####..........
##P_P...........<....
,*
#..P...)............. *
*
#.....................
,
#.....................
...........?..........#
......)......##......##
,
.............#########


You could see an oklob plant.

Vanquished Creatures
  Erica (D:8)
  The ghost of Gargoyl the Poker, a novice CeAK of Lugonu (D:9)
  2 ugly things
  Joseph (D:8)
  Psyche (D:8)
  3 hornets (D:8)
  Eustachio (D:6)
  A hungry ghost (D:7)
  A steam dragon (D:9)
  Edmund (D:5)
  3 orc warriors
  2 black bears
  4 ice beasts
  A sky beast (D:9)
  4 phantoms
  5 ogres
  3 centaurs
  3 big kobolds
  2 bullfrogs
  3 scorpions
  10 killer bees
  7 wights (D:6)
  A howler monkey (D:6)
  7 crimson imps
  3 bullfrog zombies (D:8)
  3 centaur zombies
  A quasit (D:5)
  6 orc wizards
  A jelly (D:6)
  3 orc priests
  2 centaur skeletons (D:8)
  2 bullfrog skeletons (D:6)
  2 iguanas (D:8)
  11 worker ants
  A hound skeleton (D:5)
  A hound zombie (D:7)
  A howler monkey zombie (D:7)
  17 adders
  4 gnolls
  3 river rats
  A shadow imp (D:9)
  An ooze (D:3)
  An adder zombie (D:8)
  3 worms
  A dart slug (D:3)
  4 leopard geckos
  26 orcs
  6 giant cockroaches
  7 hobgoblins
  15 jackals
  4 quokkas
  3 ball pythons
  5 bats
  3 frilled lizards
  10 goblins
  A jackal zombie (D:6)
  26 kobolds
  2 leopard gecko skeletons
  17 rats
265 creatures vanquished.

Notes
Turn   | Place    | Note
-------+----------+-------------------------------------------
     0 | D:1      | KleinerIrrer the Deep Dwarf Fighter began the quest for the Orb.
     0 | D:1      | Reached XP level 1. HP: 20/20 MP: 1/1
     0 | D:1      | 0 ||| counter = 69
    82 | D:1      | Reached skill level 3 in Axes
    82 | D:1      | Reached XP level 2. HP: 24/27 MP: 2/2
   170 | D:1      | Reached skill level 1 in Dodging
   453 | D:1      | 453 ||| READING scroll labeled CIMEFAP MIUVVO.
   454 | D:1      | 454 ||| READING 2 scrolls labeled AFFAMOFOGE.
   510 | D:2      | 510 ||| DROPPING club.
   532 | D:2      | Reached XP level 3. HP: 26/33 MP: 3/3
   626 | D:2      | Found a hide-covered altar of Uskayaw.
   835 | D:2      | Reached XP level 4. HP: 23/40 MP: 4/4
   937 | D:2      | 937 ||| UPGRADING to glowing chain mail.
   947 | D:2      | 947 ||| DROPPING +0 scale mail.
   948 | D:2      | 948 ||| UPGRADING to runed helmet.
   953 | D:2      | 953 ||| READING 3 scrolls labeled TIERICZO IGYN.
   954 | D:2      | 954 ||| READING scroll labeled OTAVIK FILLED.
   955 | D:2      | 955 ||| READING scroll labeled XOYDEPT IKKAXA.
   956 | D:2      | 956 ||| DRINKING 2 bubbling pink potions.
   957 | D:2      | 957 ||| DROPPING 2 scrolls of fear.
  1007 | D:3      | Reached XP level 5. HP: 36/46 MP: 5/5
  1013 | D:3      | 1013 ||| DROPPING whip.
  1233 | D:3      | Reached skill level 6 in Axes
  1389 | D:3      | Found a glowing drain.
  1390 | D:3      | 1390 ||| Found Sewer.
  1390 | D:3      | 1390 ||| Stepping ~*~*~tactically~*~*~ (water).
  1407 | Sewer    | Entered a sewer
  1408 | Sewer    | 1408 ||| Entered Sewer.
  1416 | Sewer    | 1416 ||| DRINKING potion of heal wounds.
  1483 | Sewer    | 1483 ||| Stepping ~*~*~tactically~*~*~ (water).
  1485 | Sewer    | 1485 ||| Stepping ~*~*~tactically~*~*~ (water).
  1487 | Sewer    | 1487 ||| Stepping ~*~*~tactically~*~*~ (water).
  1489 | Sewer    | 1489 ||| Stepping ~*~*~tactically~*~*~ (water).
  1491 | Sewer    | 1491 ||| Stepping ~*~*~tactically~*~*~ (water).
  1493 | Sewer    | 1493 ||| INVOKING Heal Wounds.
  1494 | Sewer    | 1494 ||| Stepping ~*~*~tactically~*~*~ (water).
  1510 | Sewer    | Reached XP level 6. HP: 36/55 MP: 5/5
  1513 | Sewer    | 1513 ||| Stepping ~*~*~tactically~*~*~ (water).
  1515 | Sewer    | 1515 ||| Stepping ~*~*~tactically~*~*~ (water).
  1517 | Sewer    | 1517 ||| Stepping ~*~*~tactically~*~*~ (water).
  1519 | Sewer    | 1519 ||| Stepping ~*~*~tactically~*~*~ (water).
  1521 | Sewer    | 1521 ||| Stepping ~*~*~tactically~*~*~ (water).
  1523 | Sewer    | 1523 ||| Stepping ~*~*~tactically~*~*~ (water).
  1525 | Sewer    | 1525 ||| Stepping ~*~*~tactically~*~*~ (water).
  1527 | Sewer    | 1527 ||| Stepping ~*~*~tactically~*~*~ (water).
  1529 | Sewer    | 1529 ||| Stepping ~*~*~tactically~*~*~ (water).
  1531 | Sewer    | 1531 ||| Stepping ~*~*~tactically~*~*~ (water).
  1533 | Sewer    | 1533 ||| Stepping ~*~*~tactically~*~*~ (water).
  1535 | Sewer    | 1535 ||| Stepping ~*~*~tactically~*~*~ (water).
  1537 | Sewer    | 1537 ||| Stepping ~*~*~tactically~*~*~ (water).
  1539 | Sewer    | 1539 ||| Stepping ~*~*~tactically~*~*~ (water).
  1541 | Sewer    | 1541 ||| Stepping ~*~*~tactically~*~*~ (water).
  1543 | Sewer    | 1543 ||| Stepping ~*~*~tactically~*~*~ (water).
  1545 | Sewer    | 1545 ||| Stepping ~*~*~tactically~*~*~ (water).
  1547 | Sewer    | 1547 ||| Stepping ~*~*~tactically~*~*~ (water).
  1549 | Sewer    | 1549 ||| Stepping ~*~*~tactically~*~*~ (water).
  1551 | Sewer    | 1551 ||| Stepping ~*~*~tactically~*~*~ (water).
  1553 | Sewer    | 1553 ||| Stepping ~*~*~tactically~*~*~ (water).
  1555 | Sewer    | 1555 ||| Stepping ~*~*~tactically~*~*~ (water).
  1557 | Sewer    | 1557 ||| Stepping ~*~*~tactically~*~*~ (water).
  1559 | Sewer    | 1559 ||| Stepping ~*~*~tactically~*~*~ (water).
  1561 | Sewer    | 1561 ||| Stepping ~*~*~tactically~*~*~ (water).
  1563 | Sewer    | 1563 ||| Stepping ~*~*~tactically~*~*~ (water).
  1565 | Sewer    | 1565 ||| Stepping ~*~*~tactically~*~*~ (water).
  1567 | Sewer    | 1567 ||| Stepping ~*~*~tactically~*~*~ (water).
  1569 | Sewer    | 1569 ||| Stepping ~*~*~tactically~*~*~ (water).
  1571 | Sewer    | 1571 ||| Stepping ~*~*~tactically~*~*~ (water).
  1573 | Sewer    | 1573 ||| Stepping ~*~*~tactically~*~*~ (water).
  1575 | Sewer    | 1575 ||| Stepping ~*~*~tactically~*~*~ (water).
  1577 | Sewer    | 1577 ||| Stepping ~*~*~tactically~*~*~ (water).
  1579 | Sewer    | 1579 ||| Stepping ~*~*~tactically~*~*~ (water).
  1581 | Sewer    | 1581 ||| Stepping ~*~*~tactically~*~*~ (water).
  1583 | Sewer    | 1583 ||| Stepping ~*~*~tactically~*~*~ (water).
  1585 | Sewer    | 1585 ||| Stepping ~*~*~tactically~*~*~ (water).
  1587 | Sewer    | 1587 ||| Stepping ~*~*~tactically~*~*~ (water).
  1589 | Sewer    | 1589 ||| Stepping ~*~*~tactically~*~*~ (water).
  1591 | Sewer    | 1591 ||| Stepping ~*~*~tactically~*~*~ (water).
  1593 | Sewer    | 1593 ||| Stepping ~*~*~tactically~*~*~ (water).
  1595 | Sewer    | 1595 ||| Stepping ~*~*~tactically~*~*~ (water).
  1597 | Sewer    | 1597 ||| Stepping ~*~*~tactically~*~*~ (water).
  1599 | Sewer    | 1599 ||| Stepping ~*~*~tactically~*~*~ (water).
  1601 | Sewer    | 1601 ||| Stepping ~*~*~tactically~*~*~ (water).
  1603 | Sewer    | 1603 ||| Stepping ~*~*~tactically~*~*~ (water).
  1605 | Sewer    | 1605 ||| Stepping ~*~*~tactically~*~*~ (water).
  1607 | Sewer    | 1607 ||| Stepping ~*~*~tactically~*~*~ (water).
  1609 | Sewer    | 1609 ||| Stepping ~*~*~tactically~*~*~ (water).
  1616 | Sewer    | 1616 ||| Stepping ~*~*~tactically~*~*~ (water).
  1647 | Sewer    | Found a white marble altar of Elyvilon.
  1685 | Sewer    | 1685 ||| UPGRADING to glowing scarf.
  1690 | Sewer    | 1690 ||| REMOVING scarf of spirit shield.
  1695 | Sewer    | 1695 ||| DROPPING scarf of spirit shield.
  1696 | Sewer    | 1696 ||| READING scroll labeled VEVALO LIYQI.
  1697 | Sewer    | 1697 ||| DRINKING 3 pink potions.
  1698 | Sewer    | 1698 ||| DROPPING 2 potions of flight.
  1869 | D:3      | 1869 ||| UPGRADING to flail.
  1870 | D:3      | 1870 ||| SWAPPING to +0 war axe.
  2192 | D:4      | HP: 10/55 [ogre/giant club (23)]
  2193 | D:4      | 2193 ||| READING 3 scrolls of teleportation.
  2197 | D:4      | 2197 ||| INVOKING Heal Wounds.
  2315 | D:4      | 2315 ||| DRINKING 2 potions of heal wounds.
  2317 | D:4      | 2317 ||| INVOKING Heal Wounds.
  2322 | D:4      | Reached XP level 7. HP: 46/61 MP: 6/6
  2347 | D:4      | Reached skill level 3 in Fighting
  2835 | D:4      | Found an iron altar of Okawaru.
  2887 | D:4      | 2887 ||| UPGRADING to runed hat.
  2897 | D:4      | 2897 ||| UPGRADING to +1 helmet.
  2907 | D:4      | 2907 ||| DROPPING +1 hat.
  2908 | D:4      | 2908 ||| UPGRADING to pair of gloves.
  2913 | D:4      | 2913 ||| UPGRADING to thick garnet amulet.
  2914 | D:4      | 2914 ||| REMOVING amulet of harm.
  2915 | D:4      | 2915 ||| DROPPING amulet of harm.
  2916 | D:4      | 2916 ||| UPGRADING to large steel ring.
  2917 | D:4      | 2917 ||| UPGRADING to iron ring.
  2918 | D:4      | 2918 ||| REMOVING +2 ring of intelligence.
  2919 | D:4      | 2919 ||| DROPPING +2 ring of intelligence.
  2920 | D:4      | 2920 ||| READING scroll labeled LAGROSSEFA.
  2951 | D:5      | Entered Level 5 of the Dungeon
  2956 | D:5      | Noticed Edmund
  2962 | D:5      | 2962 ||| INVOKING Heal Wounds.
  2981 | D:5      | Killed Edmund
  2981 | D:5      | Reached skill level 9 in Axes
  3028 | D:5      | 3028 ||| INVOKING Heal Wounds.
  3133 | D:5      | Found a staircase to the Ecumenical Temple.
  3151 | Temple   | Entered the Ecumenical Temple
  3152 | Temple   | 3152 ||| Entered T.
  3159 | Temple   | Became a worshipper of Makhleb the Destroyer
  3309 | Temple   | 3309 ||| UPGRADING to wooden ring.
  3310 | Temple   | 3310 ||| READING 2 scrolls of remove curse.
  3311 | Temple   | 3311 ||| REMOVING ring of loudness.
  3312 | Temple   | 3312 ||| DROPPING ring of loudness.
  3313 | Temple   | 3313 ||| READING scroll labeled ISHUKHAAZO.
  3314 | Temple   | 3314 ||| DROPPING wand of paralysis (9).
  3338 | D:5      | 3338 ||| Stepping ~*~*~tactically~*~*~ (water).
  3353 | D:5      | Reached skill level 1 in Invocations
  3353 | D:5      | Reached XP level 8. HP: 42/69 MP: 6/8
  3363 | D:5      | 3363 ||| EATING 9 rations.
  3549 | D:5      | 3549 ||| INVOKING Heal Wounds.
  3550 | D:5      | 3550 ||| INVOKING Heal Wounds.
  3555 | D:5      | Reached skill level 3 in Invocations
  3556 | D:5      | 3556 ||| INVOKING Heal Wounds.
  3557 | D:5      | 3557 ||| INVOKING Heal Wounds.
  3562 | D:5      | 3562 ||| INVOKING Heal Wounds.
  3566 | D:5      | 3566 ||| INVOKING Heal Wounds.
  3570 | D:5      | 3570 ||| INVOKING Heal Wounds.
  3576 | D:5      | 3576 ||| INVOKING Heal Wounds.
  3663 | D:5      | Noticed Prince Ribbit
  3672 | D:5      | 3672 ||| INVOKING Heal Wounds.
  3726 | D:5      | Found a white marble altar of Elyvilon.
  3956 | D:5      | HP: 15/69 [ogre/giant spiked club (23)]
  3957 | D:5      | 3957 ||| READING 4 scrolls of teleportation.
  3961 | D:5      | 3961 ||| INVOKING Heal Wounds.
  4068 | D:5      | 4068 ||| UPGRADING to runed ring mail.
  4078 | D:5      | 4078 ||| READING scroll of remove curse.
  4079 | D:5      | 4079 ||| UPGRADING to +0 chain mail.
  4089 | D:5      | 4089 ||| DROPPING +0 ring mail.
  4090 | D:5      | 4090 ||| READING scroll labeled YSCHAKA SUARCHU.
  4091 | D:5      | 4091 ||| DRINKING 2 bubbling emerald potions.
  4092 | D:5      | 4092 ||| DROPPING potion of degeneration.
  4123 | D:6      | Noticed Eustachio
  4141 | D:6      | 4141 ||| INVOKING Heal Wounds.
  4154 | D:6      | 4154 ||| INVOKING Heal Wounds.
  4162 | D:6      | Reached * piety under Makhleb
  4164 | D:6      | 4164 ||| READING 3 scrolls of teleportation.
  4165 | D:6      | 4165 ||| INVOKING Heal Wounds.
  4176 | D:6      | 4176 ||| READING 2 scrolls of teleportation.
  4177 | D:6      | 4177 ||| INVOKING Heal Wounds.
  4276 | D:6      | Noticed a green ugly thing
  4287 | D:6      | 4287 ||| INVOKING Heal Wounds.
  4295 | D:6      | 4295 ||| INVOKING Heal Wounds.
  4300 | D:6      | 4300 ||| INVOKING Heal Wounds.
  4303 | D:6      | 4303 ||| INVOKING Heal Wounds.
  4306 | D:6      | 4306 ||| INVOKING Heal Wounds.
  4307 | D:6      | 4307 ||| DRINKING 2 potions of heal wounds.
  4308 | D:6      | 4308 ||| DRINKING potion of heal wounds.
  4310 | D:6      | 4310 ||| INVOKING Heal Wounds.
  4311 | D:6      | 4311 ||| READING scroll of teleportation.
  4313 | D:6      | 4313 ||| INVOKING Heal Wounds.
  4318 | D:6      | 4318 ||| INVOKING Heal Wounds.
  4319 | D:6      | 4319 ||| INVOKING Heal Wounds.
  4325 | D:6      | 4325 ||| INVOKING Heal Wounds.
  4326 | D:6      | 4326 ||| INVOKING Heal Wounds.
  4334 | D:6      | 4334 ||| Invisible monster not found???
  4334 | D:6      | 4334 ||| EATING 9 rations.
  4377 | D:6      | 4377 ||| INVOKING Heal Wounds.
  4378 | D:6      | 4378 ||| INVOKING Heal Wounds.
  4412 | D:6      | 4412 ||| DROPPING +0 flail.
  4459 | D:6      | Killed Eustachio
  4509 | D:6      | Gained mutation: You passively map the area around you. [Deep Dwarf growth]
  4509 | D:6      | Reached XP level 9. HP: 69/78 MP: 4/4
  4566 | D:6      | Reached skill level 6 in Invocations
  4620 | D:6      | 4620 ||| INVOKING Heal Wounds.
  4621 | D:6      | 4621 ||| INVOKING Heal Wounds.
  4678 | D:6      | 4678 ||| INVOKING Heal Wounds.
  4681 | D:6      | 4681 ||| INVOKING Heal Wounds.
  4686 | D:6      | 4686 ||| INVOKING Heal Wounds.
  4689 | D:6      | 4689 ||| INVOKING Heal Wounds.
  4690 | D:6      | 4690 ||| INVOKING Heal Wounds.
  4692 | D:6      | 4692 ||| INVOKING Heal Wounds.
  4695 | D:6      | 4695 ||| INVOKING Heal Wounds.
  4696 | D:6      | 4696 ||| INVOKING Heal Wounds.
  4698 | D:6      | 4698 ||| INVOKING Heal Wounds.
  4700 | D:6      | 4700 ||| INVOKING Heal Wounds.
  4701 | D:6      | Killed a green ugly thing
  4716 | D:6      | 4716 ||| INVOKING Heal Wounds.
  4729 | D:6      | 4729 ||| INVOKING Heal Wounds.
  4730 | D:6      | 4730 ||| INVOKING Heal Wounds.
  4794 | D:6      | Reached skill level 3 in Dodging
  4834 | D:6      | Reached ** piety under Makhleb
  4993 | D:6      | Found a shimmering altar of Xom.
  5297 | D:6      | Found a blossoming altar of Fedhas.
  5298 | D:6      | Found an iron altar of Okawaru.
  5397 | D:6      | 5397 ||| UPGRADING to runed plate armour.
  5407 | D:6      | 5407 ||| DROPPING +0 chain mail.
  5408 | D:6      | 5408 ||| READING scroll labeled ZATOXISYPP.
  5409 | D:6      | 5409 ||| DRINKING 2 cyan potions.
  5410 | D:6      | 5410 ||| READING 2 scrolls of identify.
  5410 | D:6      | 5410 ||| IDENTIFYING lumpy black potion
  5411 | D:6      | 5411 ||| DROPPING potion of ambrosia.
  5433 | D:7      | 5433 ||| STAIRDANCE
  5441 | D:7      | 5441 ||| STAIRDANCE
  5452 | D:7      | 5452 ||| STAIRDANCE
  5464 | D:7      | Reached skill level 9 in Invocations
  5545 | D:7      | 5545 ||| EATING 9 rations.
  5548 | D:7      | 5548 ||| EATING 9 rations.
  5551 | D:7      | 5551 ||| EATING 9 rations.
  5555 | D:7      | 5555 ||| EATING 9 rations.
  5564 | D:7      | 5564 ||| EATING 8 rations.
  5568 | D:7      | 5568 ||| UPGRADING to morningstar.
  5569 | D:7      | 5569 ||| READING scroll of remove curse.
  5570 | D:7      | 5570 ||| SWAPPING to +0 war axe.
  5816 | D:7      | Reached XP level 10. HP: 85/88 MP: 4/4
  5950 | D:7      | 5950 ||| UPGRADING to pair of embroidered gloves.
  5960 | D:7      | 5960 ||| DROPPING +0 pair of gloves.
  5961 | D:7      | 5961 ||| READING 5 scrolls of identify.
  5961 | D:7      | 5961 ||| IDENTIFYING coppery potion
  5962 | D:7      | 5962 ||| READING 4 scrolls of identify.
  5962 | D:7      | 5962 ||| IDENTIFYING bubbling puce potion
  5963 | D:7      | 5963 ||| DROPPING potion of brilliance.
  5989 | D:8      | Reached skill level 6 in Armour
  6079 | D:8      | Reached *** piety under Makhleb
  6090 | D:8      | Paralysed by a hornet for 1 turns
  6105 | D:8      | 6105 ||| INVOKING Heal Wounds.
  6106 | D:8      | Paralysed by a hornet for 2 turns
  6109 | D:8      | 6109 ||| INVOKING Heal Wounds.
  6113 | D:8      | 6113 ||| INVOKING Heal Wounds.
  6113 | D:8      | Paralysed by a hornet for 3 turns
  6119 | D:8      | 6119 ||| INVOKING Heal Wounds.
  6275 | D:8      | Noticed Joseph
  6288 | D:8      | 6288 ||| INVOKING Heal Wounds.
  6304 | D:8      | Killed Joseph
  6305 | D:8      | 6305 ||| INVOKING Heal Wounds.
  6352 | D:8      | 6352 ||| INVOKING Heal Wounds.
  6364 | D:8      | Reached skill level 12 in Axes
  6365 | D:8      | 6365 ||| INVOKING Heal Wounds.
  6406 | D:8      | Noticed Psyche
  6415 | D:8      | Killed Psyche
  6623 | D:8      | Noticed Erica
  6648 | D:8      | 6648 ||| INVOKING Heal Wounds.
  6660 | D:8      | 6660 ||| INVOKING Heal Wounds.
  6661 | D:8      | 6661 ||| INVOKING Heal Wounds.
  6662 | D:8      | 6662 ||| DRINKING potion of curing.
  6662 | D:8      | 6662 ||| (to cure poison)
  6665 | D:8      | Killed Erica
  6665 | D:8      | Reached skill level 12 in Invocations
  6689 | D:8      | 6689 ||| READING scroll labeled LOWIMNAISE.
  6717 | D:8      | 6717 ||| READING 5 scrolls of identify.
  6717 | D:8      | 6717 ||| IDENTIFYING knobbly copper ring
  6718 | D:8      | 6718 ||| DROPPING ring of stealth.
  6719 | D:8      | 6719 ||| READING 4 scrolls of identify.
  6719 | D:8      | 6719 ||| IDENTIFYING runed lapis lazuli amulet
  6720 | D:8      | 6720 ||| UPGRADING to amulet of faith.
  6749 | D:9      | Noticed a cyan ugly thing
  6762 | D:9      | 6762 ||| STAIRDANCE
  6768 | D:8      | 6768 ||| INVOKING Heal Wounds.
  6775 | D:8      | 6775 ||| INVOKING Heal Wounds.
  6781 | D:8      | Killed a cyan ugly thing
  6782 | D:8      | 6782 ||| INVOKING Heal Wounds.
  6934 | D:9      | Reached **** piety under Makhleb
  6953 | D:9      | 6953 ||| INVOKING Heal Wounds.
  7152 | D:9      | Noticed Gargoyl's ghost (novice CeAK)
  7177 | D:9      | Killed Gargoyl's ghost
  7177 | D:9      | Reached XP level 11. HP: 96/96 MP: 6/6
  7331 | D:9      | 7331 ||| DROPPING dire flail of protection.
  7450 | D:9      | 7450 ||| READING scroll labeled LUISAJA OMNEEROJ.
  7488 | D:10     | Entered Level 10 of the Dungeon
  7490 | D:10     | 7490 ||| STAIRDANCE
  7497 | D:10     | 7497 ||| STAIRDANCE
  7511 | D:10     | 7511 ||| STAIRDANCE
  7530 | D:10     | 7530 ||| STAIRDANCE
  7578 | D:10     | Found a glowing golden altar of the Shining One.
  7578 | D:10     | Noticed an oklob plant
  7602 | D:10     | 7602 ||| READING scroll of teleportation.
  7603 | D:10     | 7603 ||| INVOKING Heal Wounds.
  7608 | D:10     | 7608 ||| INVOKING Heal Wounds.
  7687 | D:10     | 7687 ||| INVOKING Heal Wounds.
  7690 | D:10     | 7690 ||| INVOKING Heal Wounds.
  7691 | D:10     | 7691 ||| INVOKING Heal Wounds.
  7692 | D:10     | 7692 ||| INVOKING Heal Wounds.
  7705 | D:10     | 7705 ||| INVOKING Heal Wounds.
  7709 | D:10     | 7709 ||| INVOKING Heal Wounds.
  7710 | D:10     | 7710 ||| INVOKING Heal Wounds.
  7713 | D:10     | 7713 ||| INVOKING Heal Wounds.
  7715 | D:10     | 7715 ||| INVOKING Heal Wounds.
  7721 | D:10     | 7721 ||| INVOKING Heal Wounds.
  7722 | D:10     | 7722 ||| INVOKING Heal Wounds.
  7723 | D:10     | 7723 ||| DRINKING 2 potions of heal wounds.
  7724 | D:10     | 7724 ||| DRINKING potion of heal wounds.
  7730 | D:10     | HP: 17/97 [oklob plant/splash of acid (12)]
  7730 | D:10     | HP: 2/97 [acid (15)]
  7732 | D:10     | Killed from afar by an oklob plant

Vault maps used:
D:1:      minmay_arrival_stone_box
D:2:      nicolae_overflow_crystal_walls
D:3:      portal_sewer_entry_e
D:4:      first_ration, okawaru_altar_gauntlet_db
D:5:      minmay_temple_entry_water_ring, basic_altar, uniq_prince_ribbit1,
          uniq_edmund
D:6:      xom_butterflies, gammafunk_temple_overflow_statue,
          minmay_unpleasant_kobolds, uniq_eustachio
D:8:      uniq_joseph, uniq_psyche, uniq_erica
D:10:     hangedman_pestilent_swarm, hangedman_glass_teeth, lemuel_oklob_altar
Temple:   regret_index_temple_mists
Sewer:    sewer_kobolds

Skill      XL: |  1  2  3  4  5  6  7  8  9 10 |
---------------+-------------------------------+-----
Axes           | 3 4 5 7 8 9 10 11 12 | 12.0
Dodging        | 1 2 3 4 |  4.0
Fighting       | 3 4 5 |  5.7
Invocations    | 1 5 9 12 | 12.9
Armour         | 4 5 7 |  7.2
Shields        | |  3.2

Action                   |  1- 3 |  4- 6 |  7- 9 | 10-12 || total
-------------------------+-------+-------+-------+-------++-------
Melee: War axe           |   107 |   168 |   628 |   450 ||  1353
Throw: Tomahawk          |       |       |     6 |       ||     6
 Abil: Heal Wounds       |       |     3 |    34 |    28 ||    65
  Use: Scroll            |     2 |     5 |    12 |     7 ||    26
       Potion            |       |     4 |     4 |     3 ||    11
  Eat: Chunk             |       |     5 |     8 |     6 ||    19
       Ration            |       |       |     4 |       ||     4
Armor: Scale mail        |    38 |       |       |       ||    38
       Chain mail        |       |    75 |   326 |       ||   401
       Plate armour      |       |       |    39 |   313 ||   352
Dodge: Dodged            |    27 |    29 |   184 |   110 ||   350
Block: Shield            |    40 |    75 |   347 |   211 ||   673

Table legend:
 A = Spawn XP
 B = Non-spawn XP
 C = Spawn XP percentage of total XP
 D = Spawn monster count
 E = Non-spawn monster count
 F = Spawn count percentage of total count
 G = Total turns spent on level
                    A         B        C        D         E        F      G
               +---------+---------+-------+---------+---------+-------+---------
         Total |       0 |   12777 |   0.0 |       0 |     265 |   0.0 |  7732
               +---------+---------+-------+---------+---------+-------+---------
           D:1 |       0 |      33 |   0.0 |       0 |      20 |   0.0 |   480
           D:2 |       0 |      67 |   0.0 |       0 |      17 |   0.0 |   495
           D:3 |       0 |     191 |   0.0 |       0 |      36 |   0.0 |   743
           D:4 |       0 |     537 |   0.0 |       0 |      19 |   0.0 |   935
           D:5 |       0 |    1107 |   0.0 |       0 |      23 |   0.0 |   978
           D:6 |       0 |    2661 |   0.0 |       0 |      47 |   0.0 |  1341
           D:7 |       0 |     846 |   0.0 |       0 |      22 |   0.0 |   516
           D:8 |       0 |    4747 |   0.0 |       0 |      45 |   0.0 |   805
           D:9 |       0 |    1969 |   0.0 |       0 |      22 |   0.0 |   767
          D:10 |       0 |     476 |   0.0 |       0 |       1 |   0.0 |   193
         Sewer |       0 |     143 |   0.0 |       0 |      13 |   0.0 |   298
               +---------+---------+-------+---------+---------+-------+---------
